 Dungeon Crawl Stone Soup version 0.31.0-9-g3a7656b989 (webtiles) character file.

Game seed: 5968270988286395189

22 qw the Shooter (level 2, -2/14 HPs)
             Began as a Spriggan Hunter on Feb 2, 2024.
             Slain by a gnoll
             ... wielding a +0 flail
              (3 damage)
             ... on level 2 of the Dungeon.
             The game lasted 00:00:01 (658 turns).

qw the Shooter (Spriggan Hunter)                     Turns: 658, Time: 00:00:02

Health: -2/14      AC:  2    Str:  7    XL:     2   Next: 68%
Magic:  3/3        EV: 19    Int: 10    God:
Gold:   11         SH:  0    Dex: 18    Spells: 1/1 levels left

rFire   . . .        a - +0 shortbow
rCold   . . .        (shield currently unavailable)
rNeg    . . .        c - +0 robe
rPois   .            (helmet restricted)
rElec   .            (no cloak)
rCorr   .            (gloves unavailable)
SInv    +            (boots unavailable)
Will    .....        (no amulet)
Stlth   ++           (no ring)
HPRegen 0.22/turn    (no ring)
MPRegen 0.08/turn

%: no passive effects
@: very quick
A: very small, no large weapons, unfitting armour, see invisible, speed 3
a: no special abilities


You were on level 2 of the Dungeon.
You visited 1 branch of the dungeon, and saw 2 of its levels.

You collected 11 gold pieces.


Innate Abilities, Weirdness & Mutations

You are very small and have problems with some larger weapons.
You are too small for most types of armour.
You have supernaturally acute eyesight. (SInv)
You cover ground extremely quickly. (Speed+++)


   Skills:
 - Level 1.5 Fighting
 + Level 4.2 Ranged Weapons
 - Level 4.0 Dodging
 - Level 1.5 Stealth


You had one spell level left.
You didn't know any spells.
Your spell library was empty.

Inventory:

Hand Weapons
 a - a +0 shortbow (weapon)
Armour
 c - a +0 robe (worn)
Scrolls
 b - a scroll of teleportation {unknown}
 d - a scroll of fear {unknown}

Dungeon Overview and Level Annotations

Branches:
Dungeon (2/15)

Altars:

Shops:
D:1 =


Message History

An endoplasm is nearby!
Waypoint 1 assigned to D:2.
You shoot an arrow. The arrow hits the endoplasm.
You kill the endoplasm!
A frilled lizard comes into view.
You shoot an arrow. The arrow hits the frilled lizard.
You kill the frilled lizard!
Found a club.
b - a scroll labelled SUEDDI VEIWAE You see here a frilled lizard corpse.
A ball python comes into view.
You shoot an arrow. The arrow hits the ball python!
You kill the ball python!
d - a scroll labelled JYETTE ESUM A gnoll comes into view.
It is wielding a +0 flail.
Found a war axe and 9 gold pieces.
Found an escape hatch in the floor.
The gnoll shouts!
You hear a shout! x2
You shoot an arrow. The arrow closely misses the gnoll.
You shoot an arrow.
The arrow hits the gnoll but does no damage.
You shoot an arrow. The arrow barely misses the gnoll.
You shoot an arrow. The arrow barely misses the gnoll.
The gnoll closely misses you.
You shoot an arrow. The arrow hits the gnoll.
The gnoll is moderately wounded.
The gnoll hits you with a +0 flail. The gnoll completely misses you.
A gnoll comes into view. It is wielding a +0 whip.
A ribbon worm comes into view.
You shoot an arrow. The arrow hits the gnoll.
The gnoll is severely wounded.
The gnoll closely misses you.
You shoot an arrow. The arrow completely misses the gnoll.
The gnoll hits you with a +0 flail!
Ouch! That really hurt!
You shoot an arrow. The arrow barely misses the gnoll.
The gnoll misses you.
A gnoll comes into view. It is wielding a +0 spear.
657 ||| RETREEEEATING.
You shoot an arrow. The arrow barely misses the gnoll.
The gnoll hits you with a +0 flail.
You die...

#.........
+.#..##..# .
#...###..
#.#####.......#
#........######
.........#
##.###...# #
#....# #@####
#g# #)..g..>#
##g#..#..# ..
..###... ..w
..# ..## .. $..
..# . .... ...
.g... ###


You could see 2 gnolls.

Vanquished Creatures
  An endoplasm (D:2)
  A hobgoblin (D:1)
  6 jackals (D:1)
  2 quokkas (D:1)
  A ball python (D:2)
  3 bats (D:1)
  A frilled lizard (D:2)
  A goblin (D:1)
  2 kobolds (D:1)
  2 rats (D:1)
  A spectral goblin (D:1)
21 creatures vanquished.

Notes
Turn   | Place    | Note
-------+----------+-------------------------------------------
     0 | D:1      | qw the Spriggan Hunter began the quest for the Orb.
     0 | D:1      | Reached XP level 1. HP: 10/10 MP: 2/2
     0 | D:1      | 0 ||| qw: Version: 0.3-a-155-g5e7d8dd
     0 | D:1      | 0 ||| qw: Game counter: 1154
     0 | D:1      | 0 ||| qw: Melee chars always use a shield: true
     0 | D:1      | 0 ||| qw: God list: Okawaru
     0 | D:1      | 0 ||| qw: Allow faded altars: false
     0 | D:1      | 0 ||| qw: Do Orc after clearing Dungeon:15 true
     0 | D:1      | 0 ||| qw: Do second Lair branch before Depths: true
     0 | D:1      | 0 ||| qw: Lair rune preference: random
     0 | D:1      | 0 ||| qw: Goals: Normal
     0 | D:1      | 0 ||| PLANNING D:1-11
    78 | D:1      | Reached skill level 3 in Dodging
   119 | D:1      | Found a faded altar of an unknown god.
   138 | D:1      | Reached XP level 2. HP: 14/14 MP: 3/3
   263 | D:1      | Found Jiesiahu's Jewellery Shoppe.
   293 | D:1      | 293 ||| SHOPLISTING amulet of faith (560 gold, have 11).
   293 | D:1      | 293 ||| SHOPLISTING ring "Ylooxib" {rC+ Str+6} (700 gold,
                  | have 11).
   293 | D:1      | 293 ||| SHOPLISTING ring of willpower (350 gold, have 11).
   588 | D:1      | 588 ||| READING scroll labelled OTHRAU NIOP.
   588 | D:1      | 588 ||| ENCHANTING +0 shortbow.
   589 | D:1      | 589 ||| READING scroll labelled JINNA PUAT.
   590 | D:1      | 590 ||| DROPPING scroll of butterflies.
   655 | D:2      | HP: 1/14 [gnoll/+0 flail (8)]
   657 | D:2      | 657 ||| RETREEEEATING.
   658 | D:2      | Slain by a gnoll

Levels and vault maps discovered:
D:1:      dpeg_arrival_castle, layout_loops_ring, serial_shops, shop,
          dreamdust_ecumenical_altar_drowned_temple, corexii_hall_statues_i
D:2:      layout_rooms, minmay_misc_feat_room, minmay_pentomino_s4

Skill      XL: |  1  2 |
---------------+-------+-----
Dodging        | 3 4 |  4.0
Fighting       | |  1.5
Ranged Weapons | |  4.2
Stealth        | |  1.5

Action                     || total
---------------------------++-------
   Fire: Shortbow          ||    64
    Use: Scroll            ||     2
 Armour: Robe              ||    16
  Dodge: Dodged            ||    18

Table legend:
 A = Non-vault XP
 B = Vault XP
 C = Vault XP percentage of total XP
 D = Non-vault monster count
 E = Vault monster count
 F = Vault count percentage of total count
                 A         B        C        D         E       F
            +---------+---------+-------+---------+---------+-------
      Total |      31 |       1 |   3.1 |      20 |       1 |   4.8
            +---------+---------+-------+---------+---------+-------
        D:1 |      27 |       1 |   3.6 |      17 |       1 |   5.6
        D:2 |       4 |       0 |   0.0 |       3 |       0 |   0.0
            +---------+---------+-------+---------+---------+-------
